General information
- name: BNet
- type: Ladder team game (AT/RT)
- host: Battle.net
- saver: Skadegladje
map: TwilightRuins
- players: 8
- length: 37:44
- speed: Fast
- version: 1.26 W3XP
- replay type: Public
» download(226 KB)
Players
team 1 (loser)
KrazyKuntryKush (
pink | 62 APM | 2274 actions | 36:27)
6 Archmage
2 Summon Water Elemental
1 Brilliance Aura
2 Blizzard
1 Mass Teleport
3 Blood Mage
2 Flame Strike
1 Siphon Mana
» actions
| Assign group hotkey | 105 | |
| Basic commands | 216 | |
| Build / train | 159 | |
| ESC pressed | 2 | |
| Enter build submenu | 52 | |
| Enter hero's abilities submenu | 9 | |
| Give item / drop item | 1 | |
| Right click | 500 | |
| Select / deselect | 401 | |
| Select group hotkey | 617 | |
| Use ability | 212 | |
2274 total
» units
| Peasant | 16 | |
| Rifleman | 11 | |
| Flying Machine | 24 | |
| Mortar Team | 7 | |
58 total
» upgrades
| Gunpowder | 3 | |
| Armor | 1 | |
| Long Rifles | 1 | |
| Masonry | 2 | |
| Flare | 1 | |
| Fragmentation Shards | 1 | |
| Flying Machine Bombs | 1 | |
| Flak Cannons | 1 | |
| Plating | 1 | |
12 total
» buildings
| Altar of Kings | 2 | |
| Farm | 17 | |
| Barracks | 1 | |
| Blacksmith | 1 | |
| Scout Tower | 26 | |
| Arcane Vault | 3 | |
| Arcane Tower | 1 | |
| Lumber Mill | 1 | |
| Keep | 5 | |
| Town Hall | 2 | |
| Guard Tower | 43 | |
| Workshop | 3 | |
| Arcane Sanctum | 1 | |
| Castle | 6 | |
112 total
» build order
00:08 Altar of Kings
00:11 Farm
01:06 Farm
01:24 Barracks
01:33 Blacksmith
01:48 Scout Tower
02:40 Arcane Vault
03:10 Arcane Tower
03:12 Farm
03:43 Farm
04:03 Farm
05:44 Lumber Mill
06:17 Keep
06:17 Keep
06:51 Town Hall
06:53 Scout Tower
06:55 Scout Tower
06:55 Scout Tower
06:56 Scout Tower
07:35 Guard Tower
07:35 Guard Tower
07:35 Guard Tower
08:32 Scout Tower
08:33 Scout Tower
08:35 Scout Tower
09:18 Guard Tower
09:22 Guard Tower
09:23 Guard Tower
09:46 Workshop
09:59 Farm
10:04 Farm
10:05 Farm
10:40 Workshop
10:45 Arcane Sanctum
11:44 Castle
11:44 Castle
11:57 Scout Tower
11:59 Scout Tower
12:05 Scout Tower
12:06 Scout Tower
12:57 Guard Tower
12:57 Guard Tower
12:58 Guard Tower
12:59 Guard Tower
12:59 Guard Tower
12:59 Guard Tower
13:00 Guard Tower
13:14 Farm
13:19 Farm
14:55 Arcane Vault
16:06 Workshop
17:39 Keep
17:39 Keep
17:39 Keep
17:41 Guard Tower
17:41 Guard Tower
18:20 Farm
18:20 Farm
18:20 Farm
18:21 Farm
18:21 Farm
19:31 Arcane Vault
19:51 Town Hall
23:19 Castle
23:19 Castle
23:38 Scout Tower
23:40 Scout Tower
23:40 Scout Tower
23:58 Guard Tower
24:03 Scout Tower
24:36 Guard Tower
24:42 Guard Tower
24:43 Guard Tower
24:45 Scout Tower
29:30 Altar of Kings
29:33 Scout Tower
29:34 Scout Tower
29:35 Scout Tower
30:08 Guard Tower
30:08 Guard Tower
30:11 Guard Tower
30:11 Guard Tower
30:32 Scout Tower
30:35 Scout Tower
30:39 Scout Tower
30:43 Guard Tower
30:44 Guard Tower
30:47 Scout Tower
30:59 Guard Tower
30:59 Guard Tower
31:03 Scout Tower
31:04 Scout Tower
31:07 Guard Tower
31:07 Guard Tower
33:36 Farm
33:38 Farm
» items
| Lesser Clarity Potion | 3 | |
| Scroll of Regeneration | 2 | |
| Scroll of Town Portal | 4 | |
| Orb of Fire | 1 | |
| Potion of Healing | 1 | |
| Orb of Corruption | 1 | |
| Potion of Lesser Invulnerability | 1 | |
13 total
Momoiro_Omnio (
green | 60 APM | 1911 actions | 31:52)
7 Shadow Hunter
3 Hex
3 Healing Wave
1 Big Bad Voodoo
2 Tauren Chieftain
1 Shockwave
1 Endurance Aura
» actions
| Basic commands | 67 | |
| Build / train | 63 | |
| ESC pressed | 9 | |
| Enter build submenu | 16 | |
| Enter hero's abilities submenu | 9 | |
| Give item / drop item | 1 | |
| Right click | 1280 | |
| Select / deselect | 290 | |
| Use ability | 176 | |
1911 total
» units
| Peon | 13 | |
| Troll Headhunter/Berserker | 2 | |
| Raider | 12 | |
| Kodo Beast | 2 | |
| Troll Batrider | 2 | |
31 total
» upgrades
| Armor | 3 | |
| Melee Weapons | 3 | |
| Pillage | 1 | |
| Ensnare | 1 | |
| Reinforced Defenses | 2 | |
| War Drums Damage Increase | 1 | |
| Liquid Fire | 1 | |
| Envenomed Spears | 1 | |
13 total
» buildings
| Altar of Storms | 1 | |
| Barracks | 1 | |
| Orc Burrow | 5 | |
| War Mill | 1 | |
| Stronghold | 1 | |
| Beastiary | 5 | |
| Fortress | 1 | |
| Voodoo Lounge | 1 | |
| Great Hall | 2 | |
| Watch Tower | 7 | |
25 total
» build order
00:14 Altar of Storms
00:20 Barracks
00:25 Orc Burrow
01:53 Orc Burrow
02:03 War Mill
03:23 Stronghold
05:45 Beastiary
05:46 Beastiary
05:48 Beastiary
06:44 Fortress
07:52 Orc Burrow
10:00 Orc Burrow
10:23 Voodoo Lounge
11:50 Beastiary
12:33 Great Hall
17:31 Beastiary
17:37 Orc Burrow
22:33 Great Hall
25:45 Watch Tower
25:48 Watch Tower
25:50 Watch Tower
25:51 Watch Tower
25:54 Watch Tower
25:56 Watch Tower
26:05 Watch Tower
» items
| Boots of Speed | 1 | |
| Dust of Appearance | 1 | |
| Scroll of Town Portal | 3 | |
| Tiny Great Hall | 1 | |
6 total
Skadegladje (
blue | 108 APM | 4075 actions | 37:44)
6 Archmage
3 Summon Water Elemental
2 Brilliance Aura
1 Mass Teleport
4 Mountain King
2 Storm Bolt
2 Bash
» actions
| Assign group hotkey | 112 | |
| Basic commands | 577 | |
| Build / train | 157 | |
| ESC pressed | 4 | |
| Enter build submenu | 52 | |
| Enter hero's abilities submenu | 10 | |
| Give item / drop item | 11 | |
| Right click | 850 | |
| Select / deselect | 489 | |
| Select group hotkey | 1571 | |
| Use ability | 242 | |
4075 total
» units
| Peasant | 24 | |
| Footman | 8 | |
| Goblin Shredder | 3 | |
| Spell Breaker | 1 | |
| Gryphon Rider | 3 | |
| Dragonhawk Rider | 3 | |
42 total
» upgrades
| Defend | 1 | |
| Masonry | 3 | |
| Swords | 3 | |
| Armor | 3 | |
| Lumber Harvesting | 2 | |
| Animal War Training | 1 | |
| Storm Hammers | 1 | |
| Cloud | 1 | |
| Magic Sentry | 1 | |
| Sorceress Training | 2 | |
| Priest Training | 2 | |
| Control Magic | 1 | |
| Long Rifles | 1 | |
| Plating | 3 | |
| Gunpowder | 3 | |
| Barrage | 1 | |
| Flak Cannons | 1 | |
| Flying Machine Bombs | 1 | |
| Fragmentation Shards | 1 | |
| Flare | 1 | |
| Backpack | 1 | |
34 total
» buildings
| Altar of Kings | 1 | |
| Barracks | 1 | |
| Farm | 15 | |
| Arcane Vault | 1 | |
| Town Hall | 2 | |
| Scout Tower | 19 | |
| Arcane Tower | 1 | |
| Lumber Mill | 1 | |
| Keep | 2 | |
| Blacksmith | 1 | |
| Guard Tower | 25 | |
| Castle | 3 | |
| Gryphon Aviary | 6 | |
| Arcane Sanctum | 1 | |
| Workshop | 3 | |
82 total
» build order
00:07 Altar of Kings
00:09 Barracks
00:19 Farm
00:49 Farm
01:34 Farm
01:52 Arcane Vault
02:12 Farm
03:45 Town Hall
04:46 Scout Tower
05:14 Arcane Tower
05:26 Farm
05:37 Lumber Mill
06:02 Keep
06:02 Keep
06:30 Blacksmith
06:40 Scout Tower
06:44 Scout Tower
06:45 Scout Tower
06:46 Scout Tower
06:48 Scout Tower
06:49 Scout Tower
06:50 Scout Tower
06:54 Scout Tower
06:57 Scout Tower
07:12 Guard Tower
07:12 Guard Tower
07:13 Guard Tower
07:13 Guard Tower
07:14 Guard Tower
07:14 Guard Tower
07:16 Guard Tower
07:16 Guard Tower
07:23 Guard Tower
07:52 Guard Tower
08:14 Scout Tower
08:15 Scout Tower
08:17 Scout Tower
08:18 Scout Tower
08:22 Scout Tower
08:26 Castle
08:26 Castle
08:47 Guard Tower
08:48 Guard Tower
08:48 Guard Tower
08:51 Farm
08:54 Guard Tower
10:59 Gryphon Aviary
11:00 Gryphon Aviary
11:02 Gryphon Aviary
11:03 Gryphon Aviary
11:05 Gryphon Aviary
11:08 Gryphon Aviary
11:12 Arcane Sanctum
15:54 Farm
15:55 Farm
15:55 Farm
15:56 Farm
15:56 Farm
15:57 Farm
15:57 Farm
15:58 Farm
15:58 Farm
17:03 Workshop
17:05 Workshop
17:07 Workshop
27:12 Town Hall
27:14 Scout Tower
27:15 Scout Tower
27:16 Scout Tower
27:17 Scout Tower
27:52 Guard Tower
27:52 Guard Tower
27:53 Guard Tower
» items
| Scroll of Regeneration | 9 | |
| Staff of Teleportation | 1 | |
| Boots of Speed | 1 | |
| Periapt of Vitality | 1 | |
| Circlet of Nobility | 1 | |
| Orb of Fire | 1 | |
| Mechanical Critter | 4 | |
| Scroll of Town Portal | 1 | |
| Orb of Lightning | 1 | |
20 total

»
Huge_Noob (
purple | 36 APM | 1358 actions | 37:24)
6 Crypt Lord
3 Carrion Beetles
2 Spiked Carapace
1 Locust Swarm
5 Dark Ranger
3 Black Arrow
2 Life Drain
» actions
| Assign group hotkey | 6 | |
| Basic commands | 183 | |
| Build / train | 73 | |
| Enter build submenu | 23 | |
| Enter hero's abilities submenu | 11 | |
| Give item / drop item | 1 | |
| Remove unit from queue | 4 | |
| Right click | 664 | |
| Select / deselect | 317 | |
| Select group hotkey | 39 | |
| Use ability | 36 | |
1358 total
» units
| Acolyte | 8 | |
| Ghoul | 6 | |
| Crypt Fiend | 16 | |
| Frost Wyrm | 8 | |
38 total
» upgrades
| Creature Carapace | 3 | |
| Creature Attack | 3 | |
| Web | 1 | |
| Freezing Breath | 1 | |
8 total
» buildings
| Ziggurat | 9 | |
| Altar of Darkness | 1 | |
| Graveyard | 1 | |
| Crypt | 1 | |
| Nerubian Tower | 1 | |
| Tomb of Relics | 1 | |
| Halls of the Dead | 1 | |
| Spirit Tower | 2 | |
| Black Citadel | 1 | |
| Sacrificial Pit | 1 | |
| Boneyard | 2 | |
21 total
» build order
00:08 Ziggurat
00:11 Altar of Darkness
00:43 Graveyard
01:05 Crypt
01:17 Ziggurat
01:37 Nerubian Tower
02:25 Tomb of Relics
04:48 Ziggurat
04:58 Ziggurat
05:03 Ziggurat
07:59 Halls of the Dead
09:49 Spirit Tower
11:15 Ziggurat
11:19 Ziggurat
11:21 Ziggurat
12:33 Spirit Tower
13:22 Black Citadel
15:11 Sacrificial Pit
15:49 Ziggurat
16:18 Boneyard
16:24 Boneyard
» items
| Rod of Necromancy | 1 | |
| Sacrificial Skull | 1 | |
| Potion of Healing | 2 | |
| Scroll of Town Portal | 1 | |
5 total
team 2 (winner)
WolfBabe31 (
yellow | 47 APM | 719 actions | 15:20)
2 Keeper of the Grove
1 Force of Nature
1 Entangling Roots
» actions
| Assign group hotkey | 23 | |
| Build / train | 58 | |
| Enter build submenu | 19 | |
| Enter hero's abilities submenu | 2 | |
| Right click | 225 | |
| Select / deselect | 297 | |
| Select group hotkey | 48 | |
| Use ability | 47 | |
719 total
» units
| Wisp | 24 | |
| Dryad | 5 | |
| Druid of the Talon | 9 | |
| Druid of the Claw | 5 | |
43 total
» upgrades
| Strength of the Wild | 2 | |
| Reinforced Hides | 2 | |
| Abolish Magic | 1 | |
| Druid of the Claw Training | 3 | |
| Mark of the Claw | 1 | |
| Druid of the Talon Training | 1 | |
10 total
» buildings
| Altar of Elders | 1 | |
| Moon Well | 7 | |
| Hunter's Hall | 1 | |
| Ancient Protector | 3 | |
| Tree of Ages | 1 | |
| Ancient of Lore | 3 | |
| Ancient of Wind | 1 | |
| Tree of Eternity | 1 | |
18 total
» build order
00:11 Altar of Elders
00:26 Moon Well
01:22 Hunter's Hall
02:30 Ancient Protector
03:01 Ancient Protector
03:11 Moon Well
03:15 Ancient Protector
03:53 Moon Well
04:49 Tree of Ages
04:59 Moon Well
05:56 Moon Well
07:19 Ancient of Lore
07:22 Ancient of Lore
07:26 Ancient of Wind
07:33 Ancient of Lore
08:05 Tree of Eternity
10:26 Moon Well
12:37 Moon Well

»
akaoni (
teal | 38 APM | 594 actions | 15:39)
3 Keeper of the Grove
1 Force of Nature
1 Entangling Roots
1 Thorns Aura
1 Priestess of the Moon
1 Searing Arrows
» actions
| Basic commands | 11 | |
| Build / train | 60 | |
| Enter build submenu | 25 | |
| Enter hero's abilities submenu | 4 | |
| Right click | 262 | |
| Select / deselect | 190 | |
| Use ability | 42 | |
594 total
» units
| Wisp | 22 | |
| Archer | 15 | |
| Goblin Shredder | 1 | |
| Hippogryph | 7 | |
45 total
» upgrades
| Improved Bows | 1 | |
| Hippogryph Taming | 1 | |
| Strength of the Moon | 2 | |
| Moon Armor | 2 | |
6 total
» buildings
| Moon Well | 7 | |
| Altar of Elders | 1 | |
| Ancient of War | 2 | |
| Tree of Ages | 1 | |
| Tree of Life | 2 | |
| Hunter's Hall | 1 | |
| Ancient of Wind | 2 | |
| Ancient Protector | 6 | |
| Tree of Eternity | 1 | |
| Ancient of Wonders | 1 | |
24 total
» build order
00:26 Moon Well
00:38 Altar of Elders
00:56 Ancient of War
01:40 Moon Well
02:54 Tree of Ages
04:33 Tree of Life
04:42 Hunter's Hall
04:46 Moon Well
04:55 Moon Well
06:59 Ancient of Wind
09:52 Ancient Protector
10:02 Moon Well
10:24 Ancient Protector
10:39 Ancient Protector
10:43 Ancient Protector
10:53 Ancient Protector
11:01 Moon Well
11:11 Ancient Protector
11:21 Ancient of War
11:36 Ancient of Wind
11:48 Tree of Eternity
11:53 Ancient of Wonders
12:00 Moon Well
15:27 Tree of Life
JammyJam (
red | 47 APM | 1791 actions | 37:44)
10 Archmage
3 Summon Water Elemental
3 Brilliance Aura
1 Mass Teleport
3 Blizzard
» actions
| Assign group hotkey | 116 | |
| Basic commands | 41 | |
| Build / train | 96 | |
| Enter build submenu | 44 | |
| Enter hero's abilities submenu | 11 | |
| Give item / drop item | 6 | |
| Remove unit from queue | 1 | |
| Right click | 710 | |
| Select / deselect | 385 | |
| Select group hotkey | 253 | |
| Use ability | 128 | |
1791 total
» units
| Peasant | 18 | |
| Footman | 5 | |
| Goblin Shredder | 2 | |
| Gryphon Rider | 15 | |
| Dragonhawk Rider | 1 | |
41 total
» upgrades
| Masonry | 3 | |
| Swords | 3 | |
| Armor | 3 | |
| Animal War Training | 1 | |
| Magic Sentry | 1 | |
| Storm Hammers | 1 | |
| Cloud | 1 | |
13 total
» buildings
| Altar of Kings | 1 | |
| Barracks | 1 | |
| Farm | 10 | |
| Keep | 1 | |
| Lumber Mill | 1 | |
| Town Hall | 4 | |
| Arcane Vault | 2 | |
| Scout Tower | 18 | |
| Castle | 1 | |
| Gryphon Aviary | 4 | |
| Blacksmith | 2 | |
| Guard Tower | 5 | |
| Arcane Sanctum | 1 | |
51 total
» build order
00:43 Altar of Kings
00:44 Barracks
01:02 Farm
01:07 Farm
01:08 Farm
02:03 Farm
03:36 Keep
04:03 Lumber Mill
04:22 Town Hall
05:27 Arcane Vault
06:00 Scout Tower
06:02 Scout Tower
06:03 Castle
06:06 Scout Tower
06:07 Scout Tower
06:09 Scout Tower
07:00 Gryphon Aviary
07:01 Gryphon Aviary
07:04 Gryphon Aviary
07:04 Gryphon Aviary
07:10 Blacksmith
07:18 Blacksmith
08:23 Town Hall
08:34 Scout Tower
08:35 Scout Tower
08:36 Scout Tower
08:37 Scout Tower
08:38 Scout Tower
08:39 Scout Tower
08:39 Scout Tower
08:40 Scout Tower
09:55 Farm
09:56 Farm
10:15 Guard Tower
10:18 Guard Tower
11:47 Arcane Vault
11:53 Arcane Sanctum
12:03 Scout Tower
12:05 Scout Tower
12:06 Scout Tower
12:09 Scout Tower
12:11 Scout Tower
12:25 Farm
13:46 Guard Tower
15:05 Guard Tower
15:08 Guard Tower
23:33 Town Hall
23:52 Farm
23:55 Farm
25:25 Town Hall
25:46 Farm
» items
| Scroll of Regeneration | 7 | |
| Periapt of Vitality | 3 | |
| Potion of Lesser Invulnerability | 2 | |
| Scroll of Healing | 1 | |
| Scroll of Town Portal | 3 | |
| Potion of Healing | 2 | |
| Mechanical Critter | 4 | |
22 total
20007 (
orange | 15 APM | 234 actions | 15:16)
1 Archmage
1 Summon Water Elemental
» actions
| Basic commands | 8 | |
| Build / train | 36 | |
| Enter build submenu | 21 | |
| Enter hero's abilities submenu | 1 | |
| Right click | 20 | |
| Select / deselect | 112 | |
| Use ability | 36 | |
234 total
» units
» upgrades
| Gunpowder | 3 | |
| Plating | 3 | |
| Barrage | 1 | |
7 total
» buildings
| Altar of Kings | 1 | |
| Farm | 13 | |
| Lumber Mill | 1 | |
| Scout Tower | 1 | |
| Arcane Tower | 1 | |
| Keep | 1 | |
| Blacksmith | 1 | |
| Castle | 1 | |
| Workshop | 3 | |
23 total
» build order
00:29 Altar of Kings
00:43 Farm
00:59 Lumber Mill
01:36 Farm
02:11 Scout Tower
02:59 Arcane Tower
03:36 Keep
03:49 Farm
04:02 Blacksmith
04:42 Farm
06:06 Castle
06:09 Farm
07:04 Workshop
07:08 Workshop
07:10 Workshop
07:46 Farm
08:53 Farm
09:34 Farm
10:21 Farm
11:49 Farm
12:11 Farm
14:03 Farm
14:37 Farm
Chat log
(00:11 / All) JammyJam: I'M A GOOFY GOOBER!
(00:12 / All) Skadegladje: TWILIGHT RUINS
(00:13 / All) Skadegladje: WOOOOO
(00:22 / Allies) Huge_Noob: fiends
(00:31 / All) JammyJam: WE'RE ALL GOOFY GOOBERS, ROCK!
(00:37 / Allies) Momoiro_Omnio: two enemy humans...
(00:41 / All) Skadegladje: ARE YOU CALLING ME A GOOK?
(00:52 / Allies) Momoiro_Omnio: or was that our team?
(00:57 / All) Skadegladje: I DON"T APPRECIATE THAT LANGUAGE IN A FAMILY GAME
(01:08 / Allies) Momoiro_Omnio: rush or cc guys?
(01:12 / All) WolfBabe31: Family game?
(01:15 / All) Skadegladje: YES
(01:20 / All) Skadegladje: WATCH YOUR MOUTH
(01:23 / Allies) Momoiro_Omnio: are we rushing?
(01:27 / Allies) Momoiro_Omnio: or not?
(01:29 / Allies) Skadegladje: NO
(01:30 / All) akaoni: for real?
(01:30 / All) 20007: The War has Be Gun Amen
(01:31 / Allies) Momoiro_Omnio: answer me...
(01:44 / Allies) Skadegladje: I DID SON]
(01:53 / All) 20007: The War has Be Gun Amen
(02:28 / All) JammyJam: Effective
(02:33 / All) JammyJam: (not)
(02:42 / All) 20007: American Civil War Has Be Gun Amen
(02:43 / All) Skadegladje: Lvl 1 harassing ladder superstar
(02:44 / All) JammyJam: (borat voice)
(02:50 / All) 20007: Super Stars
(03:03 / All) 20007: Easy
(03:12 / Allies) Momoiro_Omnio: orange techs
(03:14 / Allies) Momoiro_Omnio: rush?
(03:18 / Allies) Skadegladje: Expo
(03:22 / All) 20007: green frog face nigger of voodoo africa
(03:28 / All) 20007: wallking on My Lands
(03:44 / All) 20007: These are My Lands
(04:15 / All) akaoni: yw
(04:31 / All) 20007: The American Civil War Has Just Be Gun Amen Bible Codes
(04:37 / All) 20007: Story Be Told
(05:06 / All) 20007: Automatic Assault Rifles Ak And Fourty Seven
(05:17 / All) WolfBabe31: Adam Lanza
(05:42 / All) 20007: some before others but the out come is always the same
(05:45 / All) 20007: True
(05:52 / All) 20007: Old or young
(06:01 / All) 20007: Protocol Of ZION
(06:15 / Allies) Momoiro_Omnio: I'm going raiders...
(06:40 / All) 20007: Old or young some before others Steps into The Horizon
(06:49 / All) 20007: Cycles
(06:55 / All) 20007: Strokes
(07:23 / All) 20007: Systematic Annialation
(07:29 / All) 20007: My SUN
(08:30 / All) 20007: The Pain Train Is Coming Upon Earth human mortals
(08:45 / All) WolfBabe31: Blaine the Train?
(08:58 / All) 20007: Real Pain
(09:03 / All) 20007: Earth
(10:05 / All) 20007: The Pain Train Is Coming To Earth
(10:14 / All) 20007: mortal humans
(10:26 / Allies) Momoiro_Omnio: thx
(10:44 / All) 20007: The Pain Train Is Coming
(10:54 / All) 20007: just like in the days of Noah
(11:01 / All) WolfBabe31: Blaine the train?
(11:07 / All) 20007: just like in the days of Noah
(11:23 / Allies) Huge_Noob: wood?
(11:40 / All) 20007: The Pain Train Is Coming just like in the days of Noah
(12:44 / All) 20007: you will be Eye Witness True Power
(12:51 / All) 20007: So Be IT
(13:53 / All) 20007: you will be The Eye Witness to The Destruction
(14:03 / All) Skadegladje: Of teal's base?
(15:22 / All) Skadegladje: lol
(15:46 / All) Skadegladje: Well so much for witnessing the destruction
(15:50 / All) Huge_Noob: gg
(15:52 / All) Huge_Noob: lol
(15:58 / All) JammyJam: They have buttocks for hearts
(17:09 / Allies) KrazyKuntryKush: blue, lol
(17:29 / Allies) Skadegladje: What?
(20:19 / Allies) Momoiro_Omnio: waht the
(20:21 / Allies) Momoiro_Omnio: blue
(20:25 / Allies) Momoiro_Omnio: why?
(20:30 / Allies) Momoiro_Omnio: runn
(20:36 / Allies) Huge_Noob: ?
(20:37 / Allies) Momoiro_Omnio: guys we got blue
(20:40 / Allies) Momoiro_Omnio: as the backstabber
(20:47 / Allies) Skadegladje: Yes, yes you do
(20:50 / Allies) Skadegladje: What are you gonna do about it?
(21:14 / Allies) Huge_Noob: so close to win
(21:27 / Allies) Momoiro_Omnio: we lose...
(21:36 / Allies) Huge_Noob: pussy
(22:47 / Allies) Momoiro_Omnio: wood me please...
(22:51 / Allies) Momoiro_Omnio: now...
(23:04 / Allies) Huge_Noob: lame kid
(23:16 / Allies) Momoiro_Omnio: we cant win...
(23:21 / Allies) Skadegladje: Then leave
(23:22 / Allies) Momoiro_Omnio: this...
(23:30 / Allies) Momoiro_Omnio: why did you backstabbed>?
(23:33 / Allies) Momoiro_Omnio: we had this...
(23:35 / Allies) Huge_Noob: i want a win
(23:42 / Allies) Huge_Noob: why you a girl
(23:45 / Allies) Skadegladje: You aren't getting one
(23:47 / Allies) Huge_Noob: does your life suck
(23:49 / Allies) Skadegladje: I don't know man I was born this way
(23:52 / Allies) Momoiro_Omnio: if I quit
(23:56 / Allies) Momoiro_Omnio: he'll just use me...
(23:57 / Allies) Skadegladje: Leave you get a tie
(23:59 / Allies) Skadegladje: Stay you get a loss
(24:06 / Allies) Momoiro_Omnio: I lose either way...
(24:07 / Allies) Huge_Noob: lmao
(24:14 / Allies) Momoiro_Omnio: there is no such things as a tie in this game...
(24:22 / Allies) Skadegladje: Yes there is, leave and you get one OK?
(24:27 / Allies) Huge_Noob: the other guy must be your friend
(24:50 / Allies) Huge_Noob: anyone need resources
(24:53 / Allies) Skadegladje: Sure
(25:05 / Allies) Momoiro_Omnio: me fast
(25:46 / Allies) Huge_Noob: tower them
(26:18 / Allies) Skadegladje: Tower who?
(26:20 / Allies) Skadegladje: I have cloud
(26:54 / Allies) Momoiro_Omnio: noone helped
(26:56 / Allies) Momoiro_Omnio: thanks guys
(27:02 / All) Huge_Noob: red you and blue going out?
(27:02 / Allies) Skadegladje: You are most welcome
(27:10 / All) JammyJam: only on tuesdays
(27:12 / Allies) Momoiro_Omnio: blue you must have told red
(27:38 / All) Skadegladje: Brotip: Splash damage doesn't work on allies
(27:44 / Allies) Momoiro_Omnio: get him
(28:19 / Allies) Momoiro_Omnio: blue you traitor
(28:24 / Allies) Huge_Noob: hes a bitch
(28:31 / Allies) Momoiro_Omnio: we lose this completely
(28:36 / Allies) Skadegladje: You couldn't kill 1 player
(28:39 / Allies) Skadegladje: You are three people
(28:46 / Allies) Momoiro_Omnio: you mass teleport
(28:51 / Allies) Momoiro_Omnio: and my aa sucks
(28:52 / Allies) Skadegladje: Yes I do
(29:02 / Allies) Momoiro_Omnio: there's no way I can win...
(29:04 / Allies) Skadegladje: Your AA is good just not against allies
(29:07 / Allies) Skadegladje: Sorry man :-(
(29:23 / Allies) Momoiro_Omnio: you realize you're giving me a fith loss in a row...
(29:24 / All) Skadegladje: My allies are moping
(29:26 / Allies) Huge_Noob: so you want lost
(29:31 / All) Skadegladje: Green is getting his fifth loss in a row
(29:39 / Allies) Skadegladje: I'm 0-0 I don't care
(29:48 / Allies) Skadegladje: Definitely giving you guys the loss now that it's green's fifth in a row
(29:52 / All) JammyJam: staff that dung beetle
(29:57 / All) Skadegladje: Where?
(30:00 / Allies) Huge_Noob: its not the end of the world for any of us lol
(30:05 / Allies) Huge_Noob: you just have no friends
(30:23 / Allies) Skadegladje: I have one on the enemy team
(30:25 / Allies) Skadegladje: I have many
(30:32 / Allies) Huge_Noob: LOL
(30:41 / Allies) Huge_Noob: hope this game was fun
(30:51 / Allies) Skadegladje: It was, thanks for being entertaining my sons
(30:52 / Allies) Momoiro_Omnio: not for me...
(30:59 / Allies) Skadegladje: Why, what upset you?
(31:03 / Allies) Momoiro_Omnio: I've worked seriously hard to win this
(31:07 / Allies) Momoiro_Omnio: and this is what I got
(31:16 / Allies) Huge_Noob: thats what trolls do
(31:16 / All) Skadegladje: Green says he worked seriously hard to earn this
(31:17 / Allies) Momoiro_Omnio: got two backstabbers this night...
(31:19 / All) Skadegladje: Do you think he did?
(31:22 / Allies) Huge_Noob: theres little bitches who play this game
(31:23 / All) Skadegladje: I didn't think he played very well
(31:23 / All) JammyJam: Nope
(31:24 / Allies) Huge_Noob: we all know that
(31:33 / All) JammyJam: my team fucking sucked
(31:47 / All) Momoiro_Omnio: well you got a win red...
(31:52 / All) JammyJam: Thanks
(31:56 / All) JammyJam: 24 till my first icon
(31:57 / All) Skadegladje: He is 0-0
(31:59 / All) Skadegladje: Now he is 1-0!
(32:07 / All) Skadegladje: Soon you can be a mighty rifleman
(32:12 / All) Skadegladje: You can get into a clan maybe
(32:20 / All) JammyJam: Sometimes
(32:28 / All) Huge_Noob: LOL
(32:30 / All) JammyJam: We went on an e-date
(32:45 / All) Huge_Noob: you guys are pretty cool how you both capitlize the first word lmao
(32:46 / All) JammyJam: We watched the hobbit then salivated over the McDonalds.com menu
(33:03 / All) Huge_Noob: so jam is going to kill blue or what?
(33:07 / All) Skadegladje: Why don't you capitalise the first word?
(33:18 / All) Skadegladje: Does it take too much APM?
(33:24 / All) JammyJam: He'll fall on his sword for me
(33:27 / All) Skadegladje: I know you don't have much APM to work with after all
(33:43 / All) Huge_Noob: im sure you both are VERY successful
(33:45 / All) Huge_Noob: RO
(33:47 / All) Huge_Noob: FL
(33:54 / All) Skadegladje: Romania and florida?
(34:12 / All) Huge_Noob: so funny
(34:25 / All) Skadegladje: Thanks, I plan on writing for Cracked wehn I'm older
(34:34 / All) Huge_Noob: Let me know when you guys are done
(34:59 / All) JammyJam: noob
(35:02 / Allies) Huge_Noob: let them finish
(35:07 / Allies) Huge_Noob: i want to see which is going to win
(35:09 / All) JammyJam: that cancels invul
(35:15 / Allies) Huge_Noob: prob red cuz i think blue takes it from him
(35:25 / Allies) Huge_Noob: yup
(35:26 / Allies) Huge_Noob: lol
(35:33 / Allies) Huge_Noob: you must really like red
(35:37 / All) Huge_Noob: LOL
(35:43 / All) Huge_Noob: interesting, i hope red swallows
(37:28 / All) Skadegladje: Which team gets the loss?
(37:32 / All) Skadegladje: I say mine
(37:42 / All) JammyJam: yes